 Dungeon Crawl Stone Soup version 0.30-a0-1035-g38d5fb2972 (webtiles) character file.

Game seed: 10360963473849459219

(classic levelgen) 10 Amnesiac the Sneak (level 2, -8/16 HPs)
             Began as a Spriggan Delver on Apr 8, 2023.
             Killed by divine providence
             ... invoked by an orc priest
              (15 damage)
             ... on level 4 of the Dungeon.
             The game lasted 00:01:54 (222 turns).

Amnesiac the Sneak (Spriggan Delver)                 Turns: 222, Time: 00:01:55

Health: -8/16      AC:  2    Str:  8    XL:     2   Next: 10%
Magic:  3/3        EV: 17    Int: 11    God:
Gold:   41         SH:  0    Dex: 16    Spells: 1/1 levels left

rFire   . . .      SeeInvis +    w - +4 dagger
rCold   . . .      Faith    .    (no shield)
rNeg    . . .      Spirit   .    b - +0 robe
rPois   .          Reflect  .    (helmet restricted)
rElec   .          Rampage  .    (no cloak)
rCorr   .                        (gloves unavailable)
Will    .....                    (boots unavailable)
Stlth   ++++                     (no amulet)
HPRegen 0.22/turn                (no ring)
MPRegen 0.08/turn                (no ring)

@: very quick
A: very small, no large weapons, unfitting armour, see invisible, speed 3
a: no special abilities


You were on level 4 of the Dungeon.
You visited 1 branch of the dungeon, and saw 2 of its levels.

You collected 41 gold pieces.

Inventory:

Hand Weapons
 a - a +0 short sword
 w - a +4 dagger (weapon)
Missiles
 h - a poisoned dart (quivered)
Armour
 b - a +0 robe (worn)
Wands
 g - a wand of digging (3)
Scrolls
 c - a scroll of fog {!r}
 d - a scroll of magic mapping {!r}
 e - 2 scrolls of fear {!r}
 i - a scroll of identify {!r, unknown}
Potions
 f - a potion of haste {!q}


   Skills:
 - Level 2.4 Fighting
 + Level 2.3 Short Blades
 - Level 1.0 Throwing
 - Level 2.6 Dodging
 * Level 7.5 Stealth
 + Level 0.6 Evocations


You had one spell level left.
You didn't know any spells.
Your spell library was empty.

Dungeon Overview and Level Annotations

Branches:
Dungeon (5/15)
 Temple: D:4-7

Altars:

Annotations:
D:4 Grinder


Innate Abilities, Weirdness & Mutations

You are very small and have problems with some larger weapons.
You are too small for most types of armour.
You have supernaturally acute eyesight. (SInv)
You cover ground extremely quickly. (Speed+++)


Message History

i - a scroll labelled KIXAGHUMUE {!r} You now have 41 gold pieces (gained 9).
You hear the slow rusting of a very distant drain.
Found a leather armour and a war axe.
You open the door.
Found a club.
An orc comes into view. It is wielding a +0 short sword.
Found a stone staircase leading down.
An orc comes into view. It is wielding a +0 club.
The helpless orc fails to defend itself.
You impale the orc!!
You kill the orc!
You have reached level 2!
An orc and an orc priest come into view.
Things that are here:
a +0 short sword; an orc corpse The helpless orc fails to defend itself.
You spit the orc like a pig!!!
You kill the orc!
The orc priest shouts!
The orc shouts!
The orc priest casts a cantrip, but nothing happens.
Unknown command.
Okay, then.
Press: ? - help, v - describe, . - travel The floor.
Throw: 5 darts (poison)
Press: ? - help, Q - select action Shift-Dir - straight line, f - orc priest
Aim: an orc priest, wielding a +0 dagger and wearing a +0 leather armour (60% to hit)
You throw a poisoned dart. The poisoned dart hits the orc priest.
The orc priest is poisoned.
Throw: 4 darts (poison)
Press: ? - help, Q - select action Shift-Dir - straight line, f/p - orc priest
Aim: an orc priest, wielding a +0 dagger and wearing a +0 leather armour (lightly wounded, poisoned, 60% to hit)
You throw a poisoned dart. The poisoned dart hits the orc priest.
The orc priest is lightly wounded.
Throw: 3 darts (poison)
Press: ? - help, Q - select action Shift-Dir - straight line, f - orc
Aim: an orc, wielding a +0 flail and wearing a +0 leather armour (60% to hit)
You throw a poisoned dart.
The poisoned dart barely misses the orc.
Throw: 2 darts (poison)
Press: ? - help, Q - select action Shift-Dir - straight line, f - orc priest
Aim: an orc priest, wielding a +0 dagger and wearing a +0 leather armour (lightly wounded, poisoned, 60% to hit)
You throw a poisoned dart. The poisoned dart hits the orc priest.
The orc priest looks even sicker.
The orc priest is lightly wounded.
You closely miss the orc priest.
The orc priest is lightly wounded.
You closely miss the orc priest.
The orc priest is lightly wounded.
The orc priest hits you with a +0 dagger.
You hit the orc priest.
The orc priest is moderately wounded.
The orc priest completely misses you.
You hit the orc priest.
The orc priest is severely wounded.
The orc priest hits you with a +0 dagger.
* * * LOW HITPOINT WARNING * * *
You hit the orc priest but do no damage.
The orc priest is severely wounded.
The orc priest calls down the wrath of Beogh upon you.
Beogh smites you!
Ouch! That really hurt!
You die...

.. .#+# .>###.#
#.).o.# #. #(#
#..#(#####.#
#..#(......#
####..#o#######
..).....@....#
###..........+
##..........#
#...........#
#.#.........#
..#.#
#.#.......).#
#... # #
#.........#
#...#.###
#.........#
#.......
#.........##


You could see an orc priest (very poisoned).

Vanquished Creatures
  3 orcs (D:4)
  2 hobgoblins (D:4)
  A kobold (D:4)
6 creatures vanquished.

Notes
Turn   | Place    | Note
-------+----------+-------------------------------------------
     0 | D:5      | Amnesiac the Spriggan Delver began the quest for the Orb.
     0 | D:5      | Reached XP level 1. HP: 11/11 MP: 2/2
    56 | D:4      | Noticed Grinder
    76 | D:4      | Reached skill level 1 in Throwing
   208 | D:4      | Reached XP level 2. HP: 16/16 MP: 3/3
   222 | D:4      | Killed from afar by an orc priest

Illustrated notes

Levels and vault maps discovered:
D:4:      layout_basic, portal_sewer_entry_e, uniq_pikel, uniq_grinder,
          uniq_eustachio
D:5:      layout_cave_pools, uniq_menkaure

Skill      XL: |  1 |
---------------+----+-----
Throwing       | 1 |  1.0
Fighting       | |  2.4
Short Blades   | |  2.3
Dodging        | |  2.6
Stealth        | |  7.5
Evocations     | |  0.6

Action                     || total
---------------------------++-------
  Melee: Short sword       ||     5
         Dagger            ||     9
  Throw: Dart              ||     4
   Stab: Sleeping          ||     3
 Armour: Robe              ||     1
  Dodge: Dodged            ||     2

Table legend: (Time is in decaauts)
 A = Elapsed time spent in this place.
 B = Non-inter-level travel time spent in this place.
 C = Inter-level travel time spent in this place.
 D = Time resting spent in this place.
 E = Time spent auto-exploring this place.
 F = Levels seen in this place.
 G = Mean time per level.
                   A        B        C        D        E       F      G
               +--------+--------+--------+--------+--------+-----+--------+
         Total |    145 |    145 |      0 |      0 |     33 |   2 |   72.5 |
       Dungeon |    145 |    145 |      0 |      0 |     33 |   2 |   72.5 |
               +--------+--------+--------+--------+--------+-----+--------+

Top non-repeatable levels by time:
     D:4: 118 daAuts
     D:5: 27 daAuts
